 Dungeon Crawl Stone Soup version 0.30-a0-364-gf6b3ef1049 (webtiles) character file.

Game seed: 11687047406419651173

9940 jlumianski the Cleaver (level 11, 0/89 HPs)
             Began as a Demonspawn Fighter on Nov 14, 2022.
             Was a Believer of Qazlal.
             Slain by Snorg (7 damage)
             ... on level 10 of the Dungeon on Nov 15, 2022.
             The game lasted 01:12:39 (12042 turns).

jlumianski the Cleaver (Demonspawn Fighter)        Turns: 12042, Time: 01:12:40

Health: 0/89       AC: 23    Str: 20    XL:     11   Next: 29%
Magic:  14/14      EV:  7    Int:  9    God:    Qazlal [**....]
Gold:   514        SH: 12    Dex: 14    Spells: 10/10 levels left

rFire   . . .      SeeInvis .    a - +1 war axe (vorpal)
rCold   . . .      Faith    .    C - +0 kite shield
rNeg    . . .      Spirit   .    E - +0 chain mail
rPois   +          Reflect  .    (helmet restricted)
rElec   .          Harm     .    (no cloak)
rCorr   .          Rampage  .    (no gloves)
Will    .....                    g - +2 pair of boots
Stlth   ..........               (no amulet)
HPRegen 0.34/turn                x - ring of poison resistance
MPRegen 0.14/turn                f - +4 ring of protection

@: sanguine armoured
A: antennae 1, sanguine armour 1, demonic magic 1
a: Renounce Religion, Upheaval


You were on level 10 of the Dungeon.
You worshipped Qazlal.
Qazlal was pleased with you.
You visited 2 branches of the dungeon, and saw 12 of its levels.
You also visited: Sewer and Ossuary.

You collected 568 gold pieces.
You spent 54 gold pieces at shops.

Inventory:

Hand Weapons
 a - a +1 vorpal war axe (weapon)
 o - a +2 flail of freezing
 G - a +4 scimitar of flaming
Missiles
 q - 71 poisoned darts
 s - 4 javelins
 z - 7 boomerangs
 H - 6 curare-tipped darts (quivered)
Armour
 b - a +0 scale mail
 c - a +0 buckler
 g - a +2 pair of boots (worn)
 v - a +1 pair of boots of stealth
 C - a +0 kite shield (worn)
 E - a +0 chain mail (worn)
Jewellery
 e - a +4 ring of evasion
 f - a +4 ring of protection (right hand)
 m - a ring of protection from cold
 x - a ring of poison resistance (left hand)
Wands
 h - a wand of iceblast (16)
 D - a wand of flame (37)
 I - a wand of polymorph (3)
 K - a wand of paralysis (6)
Scrolls
 k - 2 scrolls of blinking
 t - a scroll of enchant armour
 w - 2 scrolls of fear
 y - 3 scrolls of poison
 A - a scroll of torment
 B - 2 scrolls of teleportation
Potions
 d - 4 potions of might
 i - a potion of berserk rage
 j - 5 potions of curing
 l - 6 potions of heal wounds
 n - 7 potions of cancellation
 p - a potion of attraction
 r - 4 potions of resistance
 u - 4 potions of invisibility
 F - a potion of magic
 J - a potion of brilliance


   Skills:
 * Level 9.5 Fighting
 + Level 10.2 Axes
 + Level 1.9 Throwing
 + Level 6.5 Armour
 + Level 3.9 Dodging
 + Level 5.1 Shields
 * Level 4.5 Invocations
 * Level 3.5 Evocations


You had 10 spell levels left.
You didn't know any spells.
Your spell library contained the following spells:

 Spells                   Type           Power      Damage    Failure   Level
 Foxfire                  Conj/Fire      0%         2x1d4     100%        1
 Sandblast                Erth           0%         2d4       100%        1
 Blink                    Tloc           0%         N/A       100%        2
 Momentum Strike          Conj/Tloc      0%         3d8       100%        2
 Passwall                 Tmut/Erth      0%         N/A       100%        2
 Sublimation of Blood     Necr           0%         N/A       100%        2
 Gell's Gravitas          Tloc           0%         N/A       100%        3
 Ignite Poison            Fire/Tmut/Pois 0%         N/A       100%        3
 Lesser Beckoning         Tloc           0%         N/A       100%        3
 Ozocubu's Armour         Ice            0%         N/A       100%        3
 Stone Arrow              Conj/Erth      0%         3d7       100%        3
 Teleport Other           Tloc           0%         N/A       100%        3
 Animate Dead             Necr           0%         N/A       100%        4
 Manifold Assault         Tloc           0%         N/A       100%        4
 Petrify                  Tmut/Erth      0%         N/A       100%        4
 Sticky Flame             Conj/Fire      0%         2d3       100%        4
 Borgnjor's Vile Clutch   Necr/Erth      0%         N/A       100%        5
 Fireball                 Conj/Fire      0%         3d3       100%        5
 Irradiate                Conj/Tmut      0%         3d11      100%        5
 Death Channel            Necr           0%         N/A       100%        6
 Dispersal                Tloc           0%         N/A       100%        6
 Starburst                Conj/Fire      0%         6d3       100%        6
 Monstrous Menagerie      Summ           0%         N/A       100%        7
 Ozocubu's Refrigeration  Ice            0%         4d7       100%        7
 Disjunction              Tloc           0%         N/A       100%        8
 Ignition                 Fire           0%         3d3       100%        8


Dungeon Overview and Level Annotations

Branches:
Dungeon (11/15)            Temple (1/1) D:7            Lair (0/5) D:8
  Sewer (visited)         Ossuary (visited)
    Orc: D:9-12

Altars:
Dithmenos
Fedhas
Gozag
Hepliaklqana
Makhleb
Okawaru
Qazlal
Sif Muna
Trog
Vehumet
Wu Jian
Xom
Yredelemnul

Shops:
D:2 [   D:6 *   D:7 =

Annotations:
D:10 Snorg


Innate Abilities, Weirdness & Mutations

You have a pair of small antennae on your head.
When seriously injured, your blood forms armour. (AC +6)
Spells you cast may paralyse adjacent enemies.


Message History

Throw: 73 darts (poison)
Press: ? - help, Q - select action, (/) - cycle Shift-Dir - straight line, f/p - Snorg
Aim: Snorg (lightly wounded, very poisoned, 63% to hit)
You throw a poisoned dart. The poisoned dart closely misses Snorg.
Throw: 72 darts (poison)
Press: ? - help, Q - select action, (/) - cycle Shift-Dir - straight line, f/p - Snorg
Aim: Snorg (lightly wounded, very poisoned, 63% to hit)
You throw a poisoned dart. The poisoned dart hits Snorg.
Snorg looks even sicker.
Snorg is lightly wounded.
Snorg goes berserk!
That's the wrong kind of item! (Use * to select it.) Evoke which item? (* to show all) (? for menu, Esc to quit)
Aiming: Paralyse
Press: ? - help, Shift-Dir - straight line, f/p - Snorg
Aim: Snorg (lightly wounded, berserk, very poisoned, chance to affect: 24%)
Okay, then.
Unknown command.
Aiming: Iceblast
Press: ? - help, Shift-Dir - straight line, f/p - Snorg
Aim: Snorg (lightly wounded, berserk, very poisoned)
The mass of ice explodes!
The iceblast engulfs Snorg!!
Snorg is lightly wounded.
You slice Snorg!!
Snorg is moderately wounded.
Snorg bites you but does no damage. Snorg claws you!
Your blood congeals into armour.
Snorg barely misses you.
You hit Snorg.
Snorg is moderately wounded.
Snorg bites you but does no damage. Snorg claws you! Snorg claws you.
Snorg closely misses you. Snorg claws you. Snorg claws you but does no damage.
You slash Snorg!
Snorg is heavily wounded.
Snorg bites you! You block Snorg's attack. Snorg claws you but does no damage.
Snorg bites you!
* * * LOW HITPOINT WARNING * * *
Snorg claws you!
* * * LOW HITPOINT WARNING * * *
Snorg claws you!
You die...

#......# #.####.#
####.####.#
#......##.# #####
#.......#.# ##...##
##########
#..#....#.####..#..#
#......>..
#..#...........###.#
#.##.##...
..........####..#..#
#T##.##... ....##..###
##.@.## #.##.##...
........# ##T##
#.##...... ....##.##
#.# #.##..#...
....##+# #(#
#.##..#... ##### #.#
#.##..#... # #(#
#......... # ##(#####
####.#).## ##
####.(.##.#######....#
.+
+........#.....T......


You could see Snorg (berserk, very poisoned).

Vanquished Creatures
  A two-headed ogre (D:8)
  Erica (D:9)
  Sonja (D:10)
  Maggie (D:7)
  A shadow (D:10)
  2 wraiths
  A wyvern (D:7)
  18 yaks
  4 hogs
  A human (D:8)
  An acid dragon (D:8)
  A water moccasin (D:7)
  A black bear (D:4)
  2 orc warriors
  An ogre (D:7)
  7 centaurs
  4 phantoms
  2 necrophages
  8 kobold brigands
  3 scorpions
  4 bullfrogs
  A water moccasin zombie (Ossuary)
  A gnoll sergeant (D:9)
  4 wights
  An electric eel (D:8)
  4 howler monkeys
  4 crimson imps (D:9)
  A hound (D:5)
  A jelly (D:7)
  2 gnoll boudas
  3 orc priests
  7 orc wizards
  2 iguanas (D:7)
  2 mummies (Ossuary)
  14 gnolls
  A river rat (Sewer)
  19 adders
  2 shadow imps
  A white imp (D:7)
  2 ufetubi
  2 adder zombies (Ossuary)
  3 worms (Sewer)
  A dart slug (D:3)
  28 orcs
  2 bats
  11 endoplasms
  4 giant cockroaches
  4 goblins
  6 hobgoblins
  3 jackals (D:1)
  25 kobolds
  7 quokkas
  8 ball pythons
  2 frilled lizards (D:2)
  2 gnoll zombies (Ossuary)
  8 hobgoblin zombies (Ossuary)
  6 kobold zombies (Ossuary)
  3 orc zombies (Ossuary)
  10 rats
272 creatures vanquished.

Notes
Turn   | Place    | Note
-------+----------+-------------------------------------------
     0 | D:1      | jlumianski the Demonspawn Fighter began the quest for the
                  | Orb.
     0 | D:1      | Reached XP level 1. HP: 18/18 MP: 1/1
     4 | D:1      | Noticed a minotaur skeleton
    15 | D:1      | Noticed a minotaur skeleton
   193 | D:1      | Reached skill level 2 in Axes
   232 | D:1      | Found a faded altar of an unknown god.
   233 | D:1      | Noticed a floating eye
   273 | D:1      | Gained mutation: When seriously injured, your blood forms
                  | armour. (AC +6) [demonic ancestry]
   273 | D:1      | Reached XP level 2. HP: 14/24 MP: 2/2
   286 | D:1      | Noticed a golden eye
   321 | D:1      | Gained mutation: You have a pair of small antennae on your
                  | head. [demonic ancestry]
   321 | D:1      | Reached XP level 3. HP: 27/29 MP: 3/3
   658 | D:3      | Found a burning altar of Makhleb.
   792 | D:3      | Got the Vademecum on Conflagration and Command
   801 | D:3      | Found a shimmering blue altar of Sif Muna.
   866 | D:3      | Found a glowing drain.
   875 | Sewer    | Entered a sewer
   990 | Sewer    | Reached XP level 4. HP: 28/35 MP: 4/4
  1090 | Sewer    | Noticed a kobold brigand
  1102 | Sewer    | Reached skill level 3 in Axes
  1110 | Sewer    | Killed a kobold brigand
  1111 | Sewer    | Reached XP level 5. HP: 40/42 MP: 5/5
  1189 | Sewer    | Reached skill level 4 in Axes
  1189 | Sewer    | Reached skill level 1 in Dodging
  1516 | Sewer    | Reached XP level 6. HP: 45/48 MP: 6/6
  2219 | D:2      | Found Loclun's Armour Boutique.
  2228 | D:2      | Bought a +0 pair of boots for 54 gold pieces
  2536 | D:1      | Noticed a great orb of eyes
  2544 | D:1      | Noticed a floating eye
  3187 | D:3      | Reached XP level 7. HP: 37/55 MP: 7/7
  3710 | D:3      | Found a shadowy altar of Dithmenos.
  3939 | D:4      | Reached skill level 5 in Axes
  3964 | D:5      | Entered Level 5 of the Dungeon
  4168 | D:4      | Reached skill level 5 in Fighting
  4446 | D:4      | Found a bloodstained altar of Trog.
  4748 | D:5      | Noticed a wraith
  4824 | D:5      | Killed a wraith
  4825 | D:5      | Reached skill level 6 in Axes
  4825 | D:5      | Reached XP level 8. HP: 28/62 MP: 8/8
  5761 | D:5      | Found a hazy altar of Hepliaklqana.
  5849 | D:5      | Reached skill level 1 in Throwing
  6147 | D:7      | Reached skill level 7 in Axes
  6166 | D:7      | Found a sand-covered staircase.
  6173 | Ossuary  | Entered an ossuary
  6365 | D:7      | Reached XP level 9. HP: 30/71 MP: 9/9
  7142 | D:6      | Found Rudoos's Lightly-Used Armoury.
  7157 | D:6      | Reached skill level 5 in Armour
  7168 | D:6      | Reached skill level 8 in Axes
  7403 | D:6      | Found a blossoming altar of Fedhas.
  7786 | D:7      | Noticed a troll
  7787 | D:7      | Noticed a cyclops
  7805 | D:7      | Found a radiant altar of Vehumet.
  7864 | D:7      | Found Vadahap's Jewellery Emporium.
  7898 | D:7      | Noticed Maggie
  7916 | D:7      | Killed Maggie
  8037 | D:7      | Found a staircase to the Ecumenical Temple.
  8048 | Temple   | Entered the Ecumenical Temple
  8108 | Temple   | Became a worshipper of Qazlal Stormbringer
  8198 | D:7      | Reached XP level 10. HP: 62/80 MP: 10/10
  8242 | D:7      | Reached skill level 9 in Axes
  9163 | D:8      | Found an ornate altar of the Wu Jian Council.
  9197 | D:8      | Reached skill level 1 in Invocations
  9312 | D:8      | Reached skill level 1 in Evocations
  9574 | D:8      | Found a staircase to the Lair.
  9692 | D:7      | Reached * piety under Qazlal
 10246 | D:9      | Noticed Erica
 10261 | D:9      | Killed Erica
 10327 | D:9      | Found a shimmering altar of Xom.
 10814 | D:8      | Gained mutation: Spells you cast may paralyse adjacent
                  | enemies. [demonic ancestry]
 10814 | D:8      | Reached XP level 11. HP: 72/89 MP: 13/13
 10878 | D:8      | Noticed a two-headed ogre
 10902 | D:8      | Killed a two-headed ogre
 10938 | D:8      | Reached ** piety under Qazlal
 11465 | D:9      | Reached skill level 10 in Axes
 11589 | D:9      | Reached skill level 5 in Shields
 11601 | D:10     | Entered Level 10 of the Dungeon
 11717 | D:10     | Noticed Sonja
 11741 | D:10     | Killed Sonja
 12000 | D:10     | Noticed Snorg
 12042 | D:10     | Slain by Snorg

Illustrated notes

Levels and vault maps discovered:
D:1:      shiori_arrival_whats_in_store_for_you, layout_basic,
          hellmonk_ecumenical_altar_watching_god
D:2:      layout_loops_ring, serial_shops, nicolae_shop_hallway_plus
D:3:      layout_loops_corners, lemuel_round_altar,
          gammafunk_temple_overflow_forgotten, nicolae_dithmenos_the_darkroom,
          portal_sewer_entry_d
D:4:      layout_loops_cross, trog_book
D:5:      layout_basic, nicolae_hepliaklqana_hippocampus
D:6:      layout_basic, mainiacjoe_overflow_cross_hatched, serial_rivers,
          chequers_serial_rivers_room_b, chequers_serial_rivers_micro_d,
          chequers_serial_rivers_small_b, chequers_serial_rivers_marsh,
          chequers_serial_rivers_marsh, minmay_shop_damaged
D:7:      layout_loops_ring, mainiacjoe_overflow_24_doors,
          minmay_temple_entry_glassed_door, serial_shops, nicolae_shop_stone,
          chequers_ossuary_entry_cave, minmay_misc_feat_secret_circle,
          st_stairs_11, serial_bayou_pond_d, lightli_corner_chamber, uniq_maggie
D:8:      layout_cave_pools, nzn_wu_jian_contemplation, lair_entry_dummy,
          kennysheep_diamond, grunt_livestock
D:9:      layout_cave_pools, led_xom_imps, uniq_erica
D:10:     layout_loops_corners, kiku_gazebo_pond_becter, david_orc_2,
          serial_shops, shop, enter_bailey_8, uniq_sonja, uniq_psyche,
          uniq_snorg, uniq_urug
D:11:     layout_stronghold, hangedman_ranch
Temple:   hellmonk_temple_flake

Skill      XL: |  1  2  3  4  5  6  7  8  9 10 11 |
---------------+----------------------------------+-----
Axes           | 2 3 4 6 7 8 9 10 | 10.2
Armour         | 3 4 5 6 |  6.5
Shields        | 3 4 5 |  5.1
Fighting       | 4 5 6 7 9 |  9.5
Dodging        | 1 2 3 |  3.9
Throwing       | 1 |  1.9
Invocations    | 3 4 |  4.5
Evocations     | 3 |  3.5

Action                   |  1- 3 |  4- 6 |  7- 9 | 10-12 || total
-------------------------+-------+-------+-------+-------++-------
Melee: War axe           |    89 |   173 |   396 |   288 ||   946
Throw: Dart              |       |       |    13 |    12 ||    25
       Javelin           |       |       |    13 |       ||    13
Evoke: Wand              |       |       |       |     2 ||     2
  Use: Potion            |       |     2 |     2 |     3 ||     7
       Scroll            |       |     9 |    13 |     3 ||    25
 Stab: Invisible         |       |       |       |     1 ||     1
Armor: Scale mail        |    58 |    81 |   228 |    76 ||   443
       Chain mail        |       |       |       |   124 ||   124
Dodge: Dodged            |    60 |    82 |   235 |   134 ||   511
Block: Buckler           |    26 |    34 |   112 |    39 ||   211
       Kite shield       |       |       |       |   129 ||   129

Table legend: (Time is in decaauts)
 A = Elapsed time spent in this place.
 B = Non-inter-level travel time spent in this place.
 C = Inter-level travel time spent in this place.
 D = Time resting spent in this place.
 E = Time spent auto-exploring this place.
 F = Levels seen in this place.
 G = Mean time per level.
                   A        B        C        D        E       F      G
               +--------+--------+--------+--------+--------+-----+--------+
         Total |  12545 |  12351 |    194 |   1985 |   5135 |  14 |  896.1 |
       Dungeon |  11049 |  10855 |    194 |   1925 |   4619 |  11 | 1004.5 |
        Temple |     71 |     71 |      0 |      0 |     46 |   1 |   71.0 |
         Sewer |   1237 |   1237 |      0 |     60 |    470 |   1 | 1237.0 |
       Ossuary |    187 |    187 |      0 |      0 |      0 |   1 |  187.0 |
               +--------+--------+--------+--------+--------+-----+--------+

Top non-repeatable levels by time:
     D:7: 1954 daAuts
     D:8: 1788 daAuts
   Sewer: 1237 daAuts
     D:6: 1235 daAuts
     D:3: 1192 daAuts
     D:1: 1105 daAuts
     D:5: 1103 daAuts
     D:4: 1018 daAuts
     D:2: 711 daAuts
     D:9: 510 daAuts
    D:10: 428 daAuts
 Ossuary: 187 daAuts
  Temple: 71 daAuts
    D:11: 1 daAuts
